 Dungeon Crawl Stone Soup version 0.29.1-1-gd02db6906a (webtiles) character file.

Game seed: 595871288897123035

1661 Demigod47 the Basher (level 8, -4/68 HPs)
             Began as a Minotaur Fighter on Oct 13, 2022.
             Was a Believer of Okawaru.
             Slain by a killer bee (8 damage)
             ... on level 6 of the Dungeon.
             The game lasted 00:08:42 (5762 turns).

Demigod47 the Basher (Minotaur Fighter)             Turns: 5762, Time: 00:08:43

Health: -4/68      AC: 10    Str: 23    XL:     8   Next: 69%
Magic:  7/7        EV:  9    Int:  5    God:    Okawaru [**....]
Gold:   339        SH: 11    Dex: 10    Spells: 7/7 levels left

rFire   . . .      SeeInvis .   a - +0 flail
rCold   . . .      Faith    .   e - +2 kite shield
rNeg    . . .      Spirit   .   b - +0 scale mail
rPois   .          Reflect  .   (helmet restricted)
rElec   .          Harm     .   (no cloak)
rCorr   .          Rampage  .   h - +0 pair of gloves
Will    .....                   v - +0 pair of boots
Stlth   ..........              (no amulet)
HPRegen 0.21/turn               o - ring of flight
MPRegen 0.10/turn               (no ring)

@: flying, invisible
A: horns 2, retaliatory headbutt
a: Renounce Religion, Heroism


You were on level 6 of the Dungeon.
You worshipped Okawaru.
Okawaru was pleased with you.
You visited 1 branch of the dungeon, and saw 6 of its levels.

You collected 339 gold pieces.

Inventory:

Hand Weapons
 a - a +0 flail (weapon)
Armour
 b - a +0 scale mail (worn)
 e - a +2 kite shield (worn)
 h - a +0 pair of gloves (worn)
 v - a +0 pair of boots (worn)
Jewellery
 j - an amulet of regeneration
 k - a ring of fire
 o - a ring of flight (left hand)
 q - a ring of magical power
Wands
 f - a wand of mindburst (12)
 p - a wand of charming (5)
Scrolls
 c - a scroll of noise
 d - 2 scrolls of blinking
 l - a scroll of immolation
 m - a scroll of silence
 n - 2 scrolls of poison
 r - a scroll of amnesia
 s - 2 scrolls of butterflies {unknown}
 u - a scroll of vulnerability {unknown}
 w - 2 scrolls of magic mapping {unknown}
 x - a scroll of enchant armour {unknown}
Potions
 g - a potion of brilliance
 i - a potion of curing


   Skills:
 + Level 5.2 Fighting
 * Level 9.5 Maces & Flails
 + Level 6.9 Armour
 + Level 2.7 Dodging
 + Level 6.7 Shields


You had 7 spell levels left.
You didn't know any spells.
Your spell library contained the following spells:

 Spells                   Type           Power      Damage    Failure   Level
 Conjure Flame            Conj/Fire      0%         6-21      100%        3
 Dazzling Flash           Conj/Hex       0%         N/A       100%        3
 Ignite Poison            Fire/Tmut/Pois 0%         N/A       100%        3
 Iskenderun's Mystic Bla  Conj/Tloc      0%         2d3       100%        4
 Sticky Flame             Conj/Fire      0%         2d3       100%        4
 Starburst                Conj/Fire      0%         6d3       100%        6


Dungeon Overview and Level Annotations

Branches:
Dungeon (6/15)             Temple (0/1) D:4

Altars:
Okawaru
Qazlal
Sif Muna
Uskayaw
Yredelemnul
Zin


Innate Abilities, Weirdness & Mutations

You have a pair of horns on your head.
You reflexively headbutt those who attack you in melee.


Message History

You feel sick.
The killer bee stings you but does no damage.
You closely miss the killer bee.
The killer bee is severely wounded.
You feel sick. The killer bee stings you.
* * * LOW HITPOINT WARNING * * *
You block the killer bee's attack. The killer bee stings you.
* * * LOW HITPOINT WARNING * * *
You are more poisoned.
The killer bee poisons you!
The killer bee stings you but does no damage.
You feel better. You block the killer bee's attack.
The killer bee stings you but does no damage.
The killer bee misses you. You furiously retaliate!
You headbutt the killer bee!
You kill the killer bee!
Okawaru accepts your kill.
The killer bee stings you but does no damage.
It was a potion of invisibility.
You fade into invisibility!
The killer bee stings you.
* * * LOW HITPOINT WARNING * * *
You are poisoned.
The killer bee poisons you! You block the killer bee's attack.
The killer bee barely misses you. The killer bee closely misses you.
The killer bee barely misses you. You block the killer bee's attack.
Blink to where?
Press: ? - help, Dir - move target
As you read the scroll of blinking, it crumbles to dust.
You feel sick.
You feel sick.
You feel sick.
You feel sick.
You feel sick.
You feel sick.
You are no longer poisoned.
You block the killer bee's attack.
Found a short sword.
You block the killer bee's attack. The killer bee stings you!
You die...

...##....##....# ........#....>..
...##....##.y.##...##....#.......
....#....##...##)..##....#.......
...)#....#.^y.#....##...###))####
....#....#....#....##...###..####
#....#...y#.....+...........#
#....##...##...##...........#
##...##...##...##...........#
##...yy@..##....##....##
#.........##....##)...##
#............)....)....#
#......................#
#....##...##...........#
#....##...####'###.....#
##...##...##....##.....#
######.........##....##
#..........#######


You could see 2 killer bees.

Vanquished Creatures
  2 ogres
  4 phantoms
  2 kobold brigands (D:6)
  A bullfrog (D:6)
  4 necrophages
  3 scorpions
  A killer bee (D:6)
  A jelly (D:6)
  7 hounds
  An orc priest (D:4)
  3 iguanas
  Robin (D:2)
  5 adders
  A shadow imp (D:5)
  A worm (D:2)
  2 dart slugs (D:3)
  14 orcs
  4 ball pythons
  3 endoplasms
  2 giant cockroaches
  12 goblins
  13 hobgoblins
  5 jackals
  5 quokkas
  2 bats (D:1)
  3 frilled lizards
  13 kobolds
  2 rats (D:1)
117 creatures vanquished.

Notes
Turn   | Place    | Note
-------+----------+-------------------------------------------
     0 | D:1      | Demigod47 the Minotaur Fighter began the quest for the Orb.
     0 | D:1      | Reached XP level 1. HP: 19/19 MP: 0/0
   521 | D:1      | Reached XP level 2. HP: 27/27 MP: 1/1
   769 | D:1      | Found a faded altar of an unknown god.
   930 | D:2      | Reached skill level 3 in Maces & Flails
   930 | D:2      | Reached XP level 3. HP: 29/33 MP: 2/2
  1060 | D:2      | Noticed Robin
  1083 | D:2      | Killed Robin
  1707 | D:3      | Noticed a necrophage
  1720 | D:3      | Killed a necrophage
  1721 | D:3      | Reached skill level 4 in Maces & Flails
  1721 | D:3      | Reached skill level 1 in Dodging
  1721 | D:3      | Reached XP level 4. HP: 19/40 MP: 3/3
  2020 | D:3      | Reached XP level 5. HP: 43/46 MP: 4/4
  2198 | D:3      | Found a faded altar of an unknown god.
  2205 | D:3      | Found a hide-covered altar of Uskayaw.
  2645 | D:3      | Found an iron altar of Okawaru.
  2662 | D:3      | Became a worshipper of Warmaster Okawaru
  2939 | D:4      | Noticed an ogre
  2945 | D:4      | Killed an ogre
  2946 | D:4      | Reached skill level 5 in Maces & Flails
  2983 | D:4      | Reached XP level 6. HP: 53/53 MP: 5/5
  3155 | D:4      | Found a stormy altar of Qazlal.
  3186 | D:4      | Reached * piety under Okawaru
  3187 | D:4      | Reached skill level 5 in Armour
  3325 | D:4      | Reached skill level 6 in Maces & Flails
  3885 | D:4      | Found a glowing silver altar of Zin.
  3929 | D:4      | Found a shimmering blue altar of Sif Muna.
  3991 | D:4      | Found a staircase to the Ecumenical Temple.
  4276 | D:5      | Entered Level 5 of the Dungeon
  4293 | D:5      | Reached skill level 5 in Shields
  4306 | D:5      | Reached XP level 7. HP: 60/60 MP: 6/6
  4394 | D:5      | Reached skill level 7 in Maces & Flails
  4430 | D:5      | Identified the +4 robe of Focus {rElec}
  4600 | D:5      | Reached skill level 8 in Maces & Flails
  4679 | D:5      | Reached ** piety under Okawaru
  4680 | D:5      | Reached XP level 8. HP: 67/67 MP: 7/7
  4703 | D:5      | Reached skill level 5 in Fighting
  5104 | D:5      | Found a basalt altar of Yredelemnul.
  5268 | D:6      | Reached skill level 9 in Maces & Flails
  5762 | D:6      | Slain by a killer bee

Illustrated notes

Levels and vault maps discovered:
D:1:      elethiomel_arrival_maze, layout_basic,
          shapermc_ecumenical_altar_hornbeckon
D:2:      layout_rooms, uniq_robin
D:3:      layout_basic, nicolae_overflow_ecumenical_swirl,
          okawaru_ov_weapons_minmay
D:4:      layout_layer_cave, lemuel_blue_sif_altar, marbit_many_paths,
          nicolae_qazlal_scattered_showers, minmay_temple_entry_poolview
D:5:      kennysheep_spiral_hall, layout_basic, mainiacjoe_overflow_paths
D:6:      layout_gridville, grunt_gozag_statues, nzn_hepliaklqana_mist_gate

Skill      XL: |  1  2  3  4  5  6  7  8 |
---------------+-------------------------+-----
Fighting       | 4 5 |  5.2
Armour         | 4 5 6 |  6.9
Maces & Flails | 3 4 5 6 8 9 |  9.5
Shields        | 4 5 6 |  6.7
Dodging        | 1 2 |  2.7

Action                   |  1- 3 |  4- 6 |  7- 9 || total
-------------------------+-------+-------+-------++-------
Melee: Flail             |    77 |   145 |   123 ||   345
       Headbutt          |    10 |    17 |    26 ||    53
  Use: Potion            |     6 |       |     5 ||    11
       Scroll            |     2 |     1 |     4 ||     7
Armor: Scale mail        |    42 |    58 |    77 ||   177
Dodge: Dodged            |    50 |    48 |    70 ||   168
Block: Kite shield       |    60 |    85 |    95 ||   240
